 Dungeon Crawl Stone Soup version 0.30-a0-1163-gf69bf04e7a (webtiles) character file.

Game seed: 9406226977550875083

15851 garrulousMonolith the Zephyrmancer (level 12, -22/79 HPs)
             Began as an Octopode Venom Mage on Apr 28, 2023.
             Was an Initiate of Gozag.
             Annihilated by a death yak (23 damage)
             ... on level 11 of the Dungeon.
             The game lasted 00:23:11 (13093 turns).

garrulousMonolith the Zephyrmancer (OpVM)          Turns: 13093, Time: 00:23:11

Health: -22/79     AC:  5    Str:  8    XL:     12   Next: 31%
Magic:  14/21      EV: 17    Int: 24    God:    Gozag
Gold:   489        SH:  7    Dex: 12    Spells: 5/23 levels left

rFire   + . .        o - +2 spear (venom)
rCold   . . .        M - +0 kite shield
rNeg    + . .        (helmet restricted)
rPois   +            s - amulet "Pisuorigg" {rF+ Regen+ Int+4}
rElec   .            e - +4 ring of protection
rCorr   .            i - ring of positive energy
SInv    .            r - ring of wizardry
Will    .....        G - ring of flight
Stlth   +++++        N - +5 ring of evasion
HPRegen 1.93/turn    O - ring of poison resistance
MPRegen 0.17/turn    (no ring)
                     (no ring)

%: wizardry (x1)
@: flying
A: almost no armour, amphibious, 8 rings, camouflage 1, gelatinous body 1,
(nimble swimmer 1), tentacles, clumsy 1, regeneration 1, wild magic 1
a: Renounce Religion, Potion Petition, Call Merchant, Bribe Branch


You were on level 11 of the Dungeon.
You worshipped Gozag.
Gozag was aware of your devotion.
You visited 1 branch of the dungeon, and saw 11 of its levels.
You also visited: Sewer.

You collected 791 gold pieces.
You spent 70 gold pieces at shops.
You paid 232 gold pieces to Gozag.

Inventory:

Hand Weapons
 o - a +2 spear of venom (weapon)
 v - a +2 scythe of freezing
Missiles
 b - a throwing net (quivered)
 A - 21 poisoned darts
Armour
 I - a +0 buckler
 M - a +0 kite shield (worn)
Magical Staves
 C - a staff of fire
Jewellery
 e - a +4 ring of protection (left tentacle)
 g - a ring of fire
 i - a ring of positive energy (right tentacle)
 r - a ring of wizardry (on tentacle)
 s - the amulet "Pisuorigg" (around mantle) {rF+ Regen+ Int+4}
   (You found it on level 2 of the Dungeon)

   [amulet of regeneration]

   Int:       It affects your intelligence (+4).
   rF:        It protects you from fire.
   Regen:     It increases your rate of health regeneration.
 y - the amulet "Duca" {Acrobat SInv}
   (You found it on level 9 of the Dungeon)

   [amulet of the acrobat]

   It increases your evasion while moving and waiting.
   SInv:      It lets you see invisible.
 G - a ring of flight (on tentacle)
 N - a +5 ring of evasion (on tentacle)
 O - a ring of poison resistance (on tentacle)
Wands
 d - a wand of digging (2)
 j - a wand of paralysis (5)
 B - a wand of polymorph (4)
Scrolls
 c - 2 scrolls of magic mapping
 f - 2 scrolls of teleportation
 h - 3 scrolls of immolation
 k - 4 scrolls of enchant armour
 n - a scroll of fog
 p - 3 scrolls of vulnerability
 x - a scroll of acquirement {unknown}
 J - a scroll of poison
 K - 2 scrolls of silence
 P - 2 scrolls of identify
 Q - a scroll of blinking {unknown}
Potions
 a - a potion of magic
 l - a potion of might
 m - 3 potions of attraction
 t - 4 potions of flight
 u - 5 potions of haste
 w - a potion of brilliance
 z - a potion of lignification
 E - a potion of ambrosia
 H - a potion of degeneration {unknown}
Miscellaneous
 F - a lightning rod (2/4)


   Skills:
 + Level 6.2 Fighting
 + Level 6.5 Dodging
 + Level 9.3 Stealth
 + Level 1.9 Shields
 + Level 6.1 Spellcasting
 - Level 8.2 Summonings
 - Level 4.0 Transmutations
 * Level 5.6 Fire Magic
 - Level 10.0 Air Magic
 - Level 9.0 Poison Magic


You had 5 spell levels left.
You knew the following spells:

 Your Spells              Type           Power      Damage    Failure   Level
a - Airstrike             Air            32%        2d(5-21)  5%          4
b - Poisonous Vapours     Pois/Air       100%       N/A       1%          2
c - Mephitic Cloud        Conj/Pois/Air  49%        N/A       6%          3
d - Olgreb's Toxic Radia  Pois           60%        N/A       7%          4
e - Summon Lightning Spi  Summ/Air       60%        N/A       7%          4
f - Sting                 Tmut/Pois      100%       1d8       2%          1

Your spell library contained the following spells:

 Spells                   Type           Power      Damage    Failure   Level
 Call Canine Familiar     Summ           57%        N/A       3%          3
 Static Discharge         Conj/Air       80%        2-6/arc   6%          2
 Foxfire                  Conj/Fire      100%       2x1d9     9%          1
 Wereblood                Tmut           34%        N/A       9%          2
 Necrotise                Necr           36%        1d5       26%         1
 Slow                     Hex            36%        N/A       26%         1
 Sublimation of Blood     Necr           9%         N/A       34%         2
 Confusing Touch          Hex            9%         N/A       56%         3
 Gell's Gravitas          Tloc           9%         N/A       56%         3
 Portal Projectile        Hex/Tloc       18%        N/A       56%         3
 Teleport Other           Tloc           9%         N/A       56%         3
 Vampiric Draining        Necr           9%         2d6       56%         3
 Fireball                 Conj/Fire      13%        3d7       87%         5
 Anguish                  Hex/Necr       4%         N/A       89%         4
 Leda's Liquefaction      Hex/Erth       4%         N/A       89%         4
 Plasma Beam              Fire/Air       27%        2x1d44    78%         6
 Summon Hydra             Summ           28%        N/A       99%         7
 Dispersal                Tloc           4%         N/A       100%        6
 Starburst                Conj/Fire      13%        6d6       100%        6
 Enfeeble                 Hex            4%         N/A       100%        7
 Infestation              Necr           4%         N/A       100%        8


Dungeon Overview and Level Annotations

Branches:
Dungeon (11/15)            Temple (0/1) D:4           Sewer (visited)
   Lair: D:8-11         Orc: D:9-12

Altars:
Cheibriados
Elyvilon
Fedhas
Gozag
Makhleb
Nemelex Xobeh
Okawaru
Sif Muna
Trog
Uskayaw
Vehumet
Xom
Yredelemnul
The Shining One

Shops:
D:9 *   D:10 ?   D:11 [

Annotations:
D:11 Grum


Innate Abilities, Weirdness & Mutations

You cannot wear most types of armour.
You are amphibious.
You can wear up to eight rings at the same time.
Your skin changes colour to match your surroundings (Stealth+).
Your rubbery body absorbs attacks. (AC +1, EV +1)
((You are camouflaged when in or above water. (Stealth+)))
You have tentacles for arms and can constrict up to eight enemies at once.
You are clumsy. (Dex -2)
Your natural rate of healing is unusually fast.
Your spells are a little harder to cast, but a little more powerful.


Message History

The wraith is heavily damaged.
The wraith barely misses you. The wraith hits you but does no damage.
You hit the wraith but do no damage.
The wraith is heavily damaged.
The wraith closely misses you. You block the wraith's attack.
Casting: Airstrike (dangerous; 5% risk of failure)
Confirm with . or Enter, or press ? or * to list all spells.
Aiming: Airstrike (dangerous; 5% risk of failure)
Press: ? - help, Dir - move target, f - wraith
Aim: a wraith (heavily damaged, empty space bonus: 0/8)
The air twists around and strikes the wraith but does no damage.
You block the wraith's attack.
Casting: Airstrike (dangerous; 5% risk of failure)
Confirm with . or Enter, or press ? or * to list all spells.
You begin to radiate toxic energy.
The yak is poisoned.
The death yak is poisoned.
The yak is poisoned. x2; Grum is poisoned.
The hornet is poisoned.
You feel yourself speed up.
The yak looks even sicker. x3; Grum looks even sicker.
The hornet looks even sicker.
The death yak gores you!
You hit the death yak but do no damage.
The death yak looks even sicker.
The death yak is lightly wounded.
The death yak looks as sick as possible!
Your toxic aura wanes.
Grum snarls, "I'll squash you like a puppy."
The death yak gores you. The death yak gores you!!
You hit the death yak but do no damage.
The death yak looks as sick as possible!
The death yak is lightly wounded.
The death yak gores you!!
* * * LOW HITPOINT WARNING * * *
You hit the death yak but do no damage. You squeeze the death yak.
The death yak is moderately wounded.
The yak snorts and paws the ground.
You block the death yak's attack. The death yak gores you!!
* * * LOW HITPOINT WARNING * * *
Okay, then.
The death yak attacks as you move away! The death yak gores you!!
You die...
Your body crumbles into a pile of gold.

#.## #...^.....#####......
#..####### #.........##..'......
.~.#..~#.####............#'#####.
~~~..≈~.~~.......g....#####...≈#
.~≈#~~~#≈~###....yY...# #...≈#
~~.~......# #####Y##### #...≈#
~~..~#≈.~~## #WY# #...≈#
.~.≈~~.~~..## #Y## #≈≈≈≈##
♣~.~.~..~...####@#### #####'#
..~..~.♣~♣#.........# #..>....
~+#~.#~~≈~###.......+ #.......
....~.~~.####.......# #.......
......####..'.......# #.......
......###..##..(....# +.......
......'...###.......# #.......
......##### #.......# #.......
####### #.......#


You could see a death yak (extremely poisoned), Grum (very poisoned), 3 yaks, a
hornet (very poisoned) and a wraith.

Vanquished Creatures
  A hydra (D:10)
  An ogre mage (D:10)
  2 two-headed ogres
  2 death yaks (D:11)
  An ugly thing (D:8)
  A manticore (D:10)
  A kobold demonologist (D:10)
  A tengu conjurer (D:10)
  3 hornets
  A queen bee (D:9)
  Sigmund (D:3)
  2 shadows
  A slime creature (D:10)
  A wyvern (D:10)
  3 basilisks (D:10)
  2 steam dragons
  Eustachio (D:4)
  Edmund (D:4)
  A water moccasin (D:6)
  2 sky beasts
  4 orc warriors
  Pargi (Sewer)
  A black bear (D:8)
  A wolf (D:11)
  3 centaurs
  4 phantoms
  4 bullfrogs
  2 scorpions
  A gnoll sergeant (D:10)
  2 wights (D:9)
  30 killer bees
  2 electric eels (D:6)
  A howler monkey (D:10)
  6 orc priests
  2 jellies
  3 hounds
  4 gnoll boudas
  5 iguanas
  9 orc wizards
  Robin (D:3)
  16 gnolls
  6 adders
  A river rat (D:5)
  2 shadow imps
  2 worms
  A dart slug (D:3)
  13 orcs
  11 ball pythons
  9 endoplasms
  4 giant cockroaches
  2 hobgoblins (D:3)
  7 jackals
  A quokka (D:4)
  A ball python skeleton (D:2)
  6 bats
  3 frilled lizards
  A giant cockroach zombie (D:2)
  18 goblins
  8 kobolds
  A quokka skeleton (D:2)
  3 rats
231 creatures vanquished.

Vanquished Creatures (collateral kills)
  An ogre mage (D:10)
  Maggie (D:10)
  A komodo dragon (D:10)
  A yak (D:11)
  A wolf (D:11)
  12 wights
  A jelly (D:7)
  A gnoll bouda (D:10)
  6 gnolls
25 creatures vanquished.

Vanquished Creatures (others)
  A plant (D:4)
  2 withered plants (D:2)
3 creatures vanquished.

Grand Total: 259 creatures vanquished

Notes
Turn   | Place    | Note
-------+----------+-------------------------------------------
     0 | D:1      | garrulousMonolith the Octopode Venom Mage began the quest
                  | for the Orb.
     0 | D:1      | Reached XP level 1. HP: 11/11 MP: 3/3
   369 | D:1      | Reached XP level 2. HP: 17/17 MP: 1/5
   877 | D:1      | Learned a level 2 spell: Poisonous Vapours
  1011 | D:2      | Found a faded altar of an unknown god.
  1055 | D:2      | Reached XP level 3. HP: 22/22 MP: 0/6
  1059 | D:2      | Learned a level 3 spell: Mephitic Cloud
  1157 | D:2      | Found a shimmering altar of Xom.
  1752 | D:2      | Identified the amulet "Pisuorigg" {rF+ Regen+ Int+4}
  2001 | D:3      | Reached skill level 1 in Fighting
  2001 | D:3      | Reached XP level 4. HP: 28/28 MP: 7/7
  2414 | D:3      | Noticed Robin
  2424 | D:3      | Killed Robin
  2656 | D:3      | Noticed Sigmund
  2665 | D:3      | Killed Sigmund
  2666 | D:3      | Reached skill level 5 in Poison Magic
  2666 | D:3      | Reached XP level 5. HP: 34/34 MP: 0/9
  2666 | D:3      | Reached XP level 6. HP: 39/39 MP: 0/10
  3328 | D:3      | Learned a level 4 spell: Olgreb's Toxic Radiance
  3385 | D:4      | You fall into a shaft and drop 3 floors!
  3575 | D:5      | Entered Level 5 of the Dungeon
  3638 | D:5      | Found a glowing drain.
  3663 | Sewer    | Entered a sewer
  3742 | Sewer    | Noticed Pargi
  3759 | Sewer    | Killed Pargi
  3760 | Sewer    | Reached XP level 7. HP: 45/45 MP: 0/11
  4192 | D:4      | Reached skill level 5 in Stealth
  4246 | D:4      | Reached XP level 8. HP: 48/52 MP: 2/13
  4341 | D:4      | Found a staircase to the Ecumenical Temple.
  4559 | D:4      | Noticed Edmund
  4573 | D:4      | Killed Edmund
  5312 | D:4      | Noticed Eustachio
  5320 | D:4      | Killed Eustachio
  6509 | D:5      | Learned a level 4 spell: Summon Lightning Spire
  6811 | D:6      | Reached XP level 9. HP: 58/58 MP: 7/15
  7291 | D:6      | Reached skill level 8 in Air Magic
  7291 | D:6      | Reached XP level 10. HP: 64/64 MP: 16/16
  7515 | D:7      | Reached skill level 5 in Dodging
  8575 | D:8      | Got Jashrat's Codex of Shadows
  8579 | D:8      | Found a hide-covered altar of Uskayaw.
  8604 | D:8      | Noticed a red ugly thing
  8615 | D:8      | Killed a red ugly thing
  8929 | D:8      | Reached skill level 1 in Fire Magic
  9193 | D:8      | Paralysed by a hornet for 1 turns
  9260 | D:8      | Reached skill level 5 in Spellcasting
 10096 | D:9      | Reached XP level 11. HP: 36/68 MP: 3/18
 10255 | D:9      | Found Timif's CLEARANCE SALE!.
 10265 | D:9      | Bought a ring of flight for 70 gold pieces
 10271 | D:9      | Noticed a two-headed ogre
 10282 | D:9      | Killed a two-headed ogre
 10283 | D:9      | Reached skill level 5 in Fighting
 10465 | D:9      | Reached skill level 9 in Air Magic
 10763 | D:9      | Identified the amulet "Duca" {Acrobat SInv}
 10837 | D:10     | Entered Level 10 of the Dungeon
 11005 | D:10     | Found Ligyiver's Magic Scroll Emporium.
 11142 | D:10     | Noticed a soul eater
 11263 | D:10     | Noticed a manticore
 11265 | D:10     | Noticed a boulder beetle
 11269 | D:10     | Noticed an ogre mage
 11272 | D:10     | Killed a manticore
 11278 | D:10     | Noticed Maggie
 11301 | D:10     | Killed Maggie
 11656 | D:10     | Killed an ogre mage
 11722 | D:10     | Noticed a six-headed hydra
 11739 | D:10     | Killed a six-headed hydra
 11775 | D:10     | Noticed an ogre mage
 11802 | D:10     | Gained mutation: Your natural rate of healing is unusually
                  | fast. [potion of mutation]
 11802 | D:10     | Gained mutation: You are clumsy. (Dex -2) [potion of
                  | mutation]
 11802 | D:10     | Gained mutation: Your spells are a little harder to cast,
                  | but a little more powerful. [potion of mutation]
 11805 | D:10     | Killed an ogre mage
 11806 | D:10     | Reached skill level 1 in Shields
 11806 | D:10     | Reached XP level 12. HP: 11/78 MP: 10/20
 12010 | D:10     | Reached skill level 5 in Fire Magic
 12034 | D:10     | Found a bloodstained altar of Trog.
 12056 | D:10     | Learned a level 4 spell: Airstrike
 12087 | D:10     | Found a basalt altar of Yredelemnul.
 12088 | D:10     | Found a burning altar of Makhleb.
 12089 | D:10     | Found a glowing golden altar of the Shining One.
 12089 | D:10     | Found an opulent altar of Gozag.
 12089 | D:10     | Found a blossoming altar of Fedhas.
 12089 | D:10     | Found a white marble altar of Elyvilon.
 12089 | D:10     | Found an iron altar of Okawaru.
 12091 | D:10     | Found a radiant altar of Vehumet.
 12092 | D:10     | Found a snail-covered altar of Cheibriados.
 12093 | D:10     | Found a shimmering blue altar of Sif Muna.
 12094 | D:10     | Found a sparkling altar of Nemelex Xobeh.
 12097 | D:10     | Became a worshipper of Gozag Ym Sagoz the Greedy
 12349 | D:11     | Found Avinlac's Antique Armour Shoppe.
 12382 | D:11     | Noticed a death yak
 12386 | D:11     | Noticed a death yak
 12387 | D:11     | Killed a death yak
 12528 | D:11     | Noticed a death yak
 12531 | D:11     | Noticed Grum
 12571 | D:11     | Killed a death yak
 12678 | D:11     | Reached skill level 10 in Air Magic
 12823 | D:11     | Noticed a two-headed ogre
 12832 | D:11     | Killed a two-headed ogre
 13092 | D:11     | HP: 1/79 [death yak (24)]
 13093 | D:11     | Annihilated by a death yak

Illustrated notes

Levels and vault maps discovered:
D:1:      dpeg_arrival_yet_another_circle, layout_loops_ring
D:2:      minmay_general_purpose_star, layout_basic, serial_undead,
          serial_undead_d, serial_undead_c, serial_undead_e, serial_undead_e,
          nicolae_ecumenical_pavilion, basic_altar
D:3:      layout_loops_corners, uniq_robin, uniq_sigmund
D:4:      layout_basic, minmay_temple_entry_junction, corexii_shack,
          minivault_11, uniq_eustachio, uniq_edmund
D:5:      layout_layer_cave, portal_sewer_entry_a
D:6:      layout_rooms, minmay_parallelograms, lightli_minifort
D:7:      layout_loops_ring, nicolae_sextant
D:8:      layout_gridville, nicolae_overflow_crystal_walls
D:9:      layout_roguey [special_room_bee], nicolae_shop_clearance
D:10:     minmay_the_grid_triangle_9x9_rhombus_thin
          [minmay_the_grid_triangle_9x9_intruding_spiral,
          minmay_the_grid_triangle_9x9_prize_center,
          minmay_the_grid_triangle_9x9_negative_grid,
          minmay_the_grid_triangle_9x9_checkered], layout_loops_ring,
          minitemple, serial_shops, nicolae_shop_rolling_square, uniq_maggie
D:11:     layout_roguey, dpeg_lair_monsters, serial_rivers,
          chequers_serial_rivers_micro_e, chequers_serial_rivers_marsh,
          chequers_serial_rivers_small_b, chequers_serial_rivers_room_a,
          chequers_serial_rivers_micro_b, nicolae_stop_n_shop_2, uniq_grum

Skill      XL: |  1  2  3  4  5  6  7  8  9 10 11 12 |
---------------+-------------------------------------+-----
Poison Magic   | 4 5 6 8 9 |  9.0
Stealth        | 3 4 5 6 7 9 |  9.3
Fighting       | 1 2 3 4 5 6 |  6.2
Dodging        | 3 4 5 6 |  6.5
Transmutations | 2 3 4 |  4.0
Spellcasting   | 3 4 5 6 |  6.1
Summonings     | 8 |  8.2
Air Magic      | 8 9 10 | 10.0
Fire Magic     | 1 4 5 |  5.6
Shields        | 1 |  1.9

Action                     |  1- 3 |  4- 6 |  7- 9 | 10-12 || total
---------------------------+-------+-------+-------+-------++-------
  Melee: Spear             |    63 |    33 |       |   252 ||   348
         Constrict         |    14 |    15 |    28 |    34 ||    91
         Tentacles         |    15 |    17 |    29 |    72 ||   133
         Halberd           |       |    37 |   138 |    11 ||   186
         Punch             |       |     1 |       |     5 ||     6
  Throw: Throwing net      |       |       |       |     1 ||     1
   Cast: Sting             |    24 |    20 |    21 |    37 ||   102
         Poisonous Vapours |     8 |    30 |    48 |   116 ||   202
         Mephitic Cloud    |       |     1 |     1 |     5 ||     7
         Olgreb's Toxic Ra |       |       |     1 |     6 ||     7
         Summon Lightning  |       |       |       |    22 ||    22
         Airstrike         |       |       |       |    14 ||    14
  Evoke: Lightning rod     |       |       |       |     7 ||     7
         Wand              |       |       |       |     2 ||     2
    Use: Scroll            |     1 |     1 |    11 |    14 ||    27
         Potion            |       |       |     3 |     9 ||    12
   Stab: Sleeping          |     1 |     4 |     8 |     2 ||    15
         Confused          |       |     2 |     1 |     2 ||     5
         Distracted        |       |       |     1 |       ||     1
 Armour: Skin              |    21 |    11 |    34 |    38 ||   104
  Dodge: Dodged            |    48 |    40 |   115 |   225 ||   428
  Block: Kite shield       |       |       |       |    15 ||    15

Table legend: (Time is in decaauts)
 A = Elapsed time spent in this place.
 B = Non-inter-level travel time spent in this place.
 C = Inter-level travel time spent in this place.
 D = Time resting spent in this place.
 E = Time spent auto-exploring this place.
 F = Levels seen in this place.
 G = Mean time per level.
                   A        B        C        D        E       F      G
               +--------+--------+--------+--------+--------+-----+--------+
         Total |  13257 |  12901 |    356 |   3185 |   7477 |  12 | 1104.8 |
       Dungeon |  12915 |  12559 |    356 |   3036 |   7364 |  11 | 1174.1 |
         Sewer |    341 |    341 |      0 |    149 |    113 |   1 |  341.0 |
               +--------+--------+--------+--------+--------+-----+--------+

Top non-repeatable levels by time:
    D:10: 1634 daAuts
     D:3: 1487 daAuts
     D:4: 1311 daAuts
     D:5: 1303 daAuts
     D:7: 1302 daAuts
     D:8: 1169 daAuts
     D:9: 1115 daAuts
     D:1: 1011 daAuts
     D:2: 980 daAuts
     D:6: 928 daAuts
    D:11: 671 daAuts
   Sewer: 341 daAuts
